 Dungeon Crawl Stone Soup version 0.19.1 (webtiles) character file.

137 spooks32 the Chiller (level 5, -1/38 HPs)
             Began as a Merfolk Ice Elementalist on Dec 15, 2016.
             Slain by a shadow imp (4 damage)
             ... on level 5 of the Dungeon.
             The game lasted 00:16:10 (3543 turns).

spooks32 the Chiller (Merfolk Ice Elementalist)     Turns: 3543, Time: 00:16:11

Health: -1/38      AC:  3    Str:  9    XL:     5   Next: 20%
Magic:  4/8        EV: 18    Int: 19    God:
Gold:   135        SH:  0    Dex: 20    Spells: 3 memorised, 2 levels left

rFire  . . .     SeeInvis .     s - +0 flail
rCold  . . .     Gourm    .     f - +1 leather armour
rNeg   . . .     Faith    .     (no shield)
rPois  .         Spirit   .     (no helmet)
rElec  .         Reflect  .     (no cloak)
rCorr  .         Harm     .     p - -2 pair of gloves (curse)
MR     .....                    (no boots)
Stlth  +++.......               (no amulet)
                                (no ring)
                                (no ring)

@: brilliant, agile, lethally poisoned (-1 -> -7), very slightly contaminated
A: change form in water, swift swim, stealthy swim
a: no special abilities


You were on level 5 of the Dungeon.
You were not hungry.

You visited 1 branch of the dungeon, and saw 5 of its levels.

You collected 135 gold pieces.

Inventory:

Hand Weapons
 h - a +0 antimagic dagger
 s - a +0 flail (weapon)
Missiles
 l - 4 poisoned javelins (quivered)
Armour
 d - a +2 ring mail of positive energy
 f - a +1 leather armour (worn)
 n - a +0 pair of gloves
 p - a cursed -2 pair of gloves (worn)
Scrolls
 k - a scroll of magic mapping
 r - 2 scrolls of identify
Potions
 q - a potion of degeneration {unknown}
Books
 b - a book of Frost

   Spells                             Type                      Level
   a - Freeze                         Ice                          1
   b - Throw Frost                    Conjuration/Ice              2
   c - Ozocubu's Armour               Charms/Ice                   3
   d - Throw Icicle                   Conjuration/Ice              4
   e - Summon Ice Beast               Ice/Summoning                4
Comestibles
 a - a slice of pizza
 c - a bread ration
 i - a beef jerky
 o - a meat ration


   Skills:
 + Level 1.8 Fighting
 - Level 2.6 Dodging
 - Level 2.1 Stealth
 - Level 2.0 Spellcasting
 - Level 0.7 Conjurations
 - Level 5.9 Ice Magic


You had 2 spell levels left.
You knew the following spells:

 Your Spells              Type           Power        Failure   Level  Hunger
a - Freeze                Ice            ####         1%          1    #......
b - Throw Frost           Conj/Ice       ####..       1%          2    ###....
c - Ozocubu's Armour      Chrm/Ice       ###.....     3%          3    ###....


Dungeon Overview and Level Annotations

Branches:
Dungeon (5/15)
 Temple: D:4-7

Altars:
Makhleb

Annotations:
D:2 Sigmund
D:3 Mungo's ghost, amateur TeFE
D:4 Dowan; Duvessa


Message History

The shadow imp grinds its teeth.
The shadow imp hits you.
You hit the shadow imp.
The shadow imp is almost dead.
The worker ant bites you.
* * * LOW HITPOINT WARNING * * *
You are lethally poisoned!
The worker ant poisons you! The shadow imp hits you.
* * * LOW HITPOINT WARNING * * *
The worker ant closely misses you.
It was a potion of agility.
You feel agile all of a sudden.
* * * LOW HITPOINT WARNING * * *
You feel sick. The shadow imp completely misses you.
The worker ant barely misses you.
It was a potion of brilliance.
You feel clever all of a sudden.
* * * LOW HITPOINT WARNING * * *
You feel sick. The shadow imp hits you.
You die...

*,#..## #.# *,#
*,#...# #.# *,*
*,#.#.# #.# *,*
*,#.#.## #.# *,*
#.#....###.# *,*
#..........# *,*
####...#.### *,*
##.##.### *,*
#.##.@a########***,*
#.##.#5........,,,,*
#.##.#.....####*****
#.*#.#.._..#***
#.*#.#........#*******
*,*#.#.....##..,,,,,,,
*,*#.#.$.###**#*****,,
*,,.......,*********,*
****,......,,,,,,,,,,*


You could see a worker ant and a shadow imp.

Vanquished Creatures
  A hound (D:5)
  2 gnolls (D:2)
  2 adders
  3 dart slugs
  2 worms
  A leopard gecko (D:4)
  2 orcs
  4 bats
  4 giant cockroaches
  7 goblins
  7 hobgoblins
  3 jackals (D:2)
  7 kobolds
  A quokka (D:4)
  2 frilled lizards
  7 rats
55 creatures vanquished.

Notes
Turn   | Place    | Note
-------+----------+-------------------------------------------
     0 | D:1      | spooks32 the Merfolk Ice Elementalist began the quest for the Orb.
     0 | D:1      | Reached XP level 1. HP: 13/13 MP: 3/3
   242 | D:1      | Reached XP level 2. HP: 17/19 MP: 5/5
   243 | D:1      | Reached skill level 4 in Ice Magic
   275 | D:1      | Learned a level 2 spell: Throw Frost
   747 | D:2      | Reached XP level 3. HP: 22/24 MP: 2/6
  1197 | D:2      | Noticed Sigmund
  1348 | D:2      | Reached skill level 5 in Ice Magic
  1354 | D:2      | HP: 1/25 [kobold (2)]
  1356 | D:2      | Reached skill level 1 in Fighting
  1700 | D:3      | Reached XP level 4. HP: 18/32 MP: 2/7
  1752 | D:3      | Learned a level 3 spell: Ozocubu's Armour
  2140 | D:3      | Noticed Mungo's ghost (amateur TeFE)
  2712 | D:3      | Found a faded altar of an unknown god.
  3243 | D:4      | Noticed Dowan
  3244 | D:4      | Noticed Duvessa
  3254 | D:5      | Entered Level 5 of the Dungeon
  3259 | D:5      | Reached XP level 5. HP: 10/38 MP: 5/8
  3518 | D:5      | Found a burning altar of Makhleb.
  3543 | D:5      | Slain by a shadow imp

Skill      XL: |  1  2  3 |
---------------+----------+-----
Ice Magic      | 4 5 |  5.9
Fighting       | 1 |  1.8
Dodging        | |  2.6
Stealth        | |  2.1
Spellcasting   | |  2.0
Conjurations   | |  0.7

Action                   |  1- 3 |  4- 6 || total
-------------------------+-------+-------++-------
Melee: Club              |     9 |       ||     9
       Unarmed           |     1 |       ||     1
       Whip              |    57 |    46 ||   103
       Flail             |       |    22 ||    22
 Cast: Freeze            |    22 |    15 ||    37
       Throw Frost       |    15 |    18 ||    33
  Use: Potion            |     3 |     4 ||     7
       Scroll            |       |     7 ||     7
 Stab: Sleeping          |     2 |       ||     2
  Eat: Chunk             |     4 |     1 ||     5
       Bread ration      |       |     2 ||     2
Armor: Robe              |    18 |       ||    18
       Leather armour    |       |    29 ||    29
Dodge: Dodged            |    59 |    71 ||   130
